 Dungeon Crawl Stone Soup version 0.31-a0-240-gb923e448b6 (webtiles) character file.

Game seed: 1728613766290599331

37 qw the Shooter (level 3, 0/29 HPs)
             Began as a Minotaur Hexslinger on July 11, 2023.
             Succumbed to an orc wizard's poison
             ... on level 2 of the Dungeon.
             The game lasted 00:00:26 (1263 turns).

qw the Shooter (Minotaur Hexslinger)                Turns: 1263, Time: 00:00:26

Health: 0/29       AC:  6    Str: 12    XL:     3   Next: 23%
Magic:  3/3        EV: 11    Int: 10    God:
Gold:   104        SH:  0    Dex: 14    Spells: 3/4 levels left

rFire   . . .        Y - +2 sling
rCold   . . .        (no shield)
rNeg    . . .        g - +0 ring mail
rPois   .            (helmet restricted)
rElec   .            d - +0 cloak
rCorr   .            (no gloves)
SInv    .            (no boots)
Will    .....        (no amulet)
Stlth   +            (no ring)
HPRegen 0.24/turn    (no ring)
MPRegen 0.08/turn

%: no passive effects
@: lethally poisoned (0 -> -15)
A: horns 2, retaliatory headbutt
a: no special abilities


You were on level 2 of the Dungeon.
You visited 1 branch of the dungeon, and saw 3 of its levels.

You collected 104 gold pieces.


Innate Abilities, Weirdness & Mutations

You have a pair of horns on your head.
You reflexively headbutt those who attack you in melee.


   Skills:
 - Level 2.0 Fighting
 + Level 3.8 Ranged Weapons
 - Level 2.1 Dodging
 - Level 1.0 Spellcasting
 - Level 2.0 Hexes


You had 3 spell levels left.
You knew the following spells:

 Your Spells              Type           Power      Damage    Failure   Level
a - Slow                  Hex            16%        N/A       34%         1

Your spell library contained the following spells:

 Spells                   Type           Power      Damage    Failure   Level
 Inner Flame              Hex/Fire       2%         N/A       83%         3
 Portal Projectile        Hex/Tloc       4%         N/A       83%         3
 Cause Fear               Hex            2%         N/A       98%         4

Inventory:

Hand Weapons
 Y - a +2 sling (weapon)
Armour
 d - a +0 cloak (worn)
 g - a +0 ring mail (worn)
Scrolls
 a - a scroll of identify
Potions
 b - a potion of berserk rage {unknown}
 e - a potion of might {unknown}
 h - a potion of invisibility {unknown}
 i - 2 potions of curing
 j - a potion of brilliance {unknown}

Dungeon Overview and Level Annotations

Branches:
Dungeon (3/15)

Altars:


Message History

The magic dart hits you. The orc hits you with a +0 club.
1256 ||| STAIRDANCE The orc wizard hits you but does no damage.
The orc hits you but does no damage.
You climb upwards.
There is a stone staircase leading down here.
Enter note:
Enter note:
Enter note:
Enter note:
Enter note:
Enter note:
Enter note:
Enter note:
Enter note: You shoot a sling bullet.
The sling bullet hits the orc.
You kill the orc!
The orc wizard barely misses you.
You shoot a sling bullet. The sling bullet hits the orc wizard.
The orc wizard is moderately wounded.
The orc wizard hits you with a +0 dagger of venom. x2
You are poisoned.
You shoot a sling bullet.
The sling bullet closely misses the orc wizard.
You feel very sick.
The orc wizard hits you but does no damage.
You are lethally poisoned!
You shoot a sling bullet. The sling bullet hits the orc wizard.
The orc wizard is heavily wounded.
You feel very sick. The orc wizard barely misses you.
You shoot a sling bullet. The sling bullet hits the orc wizard.
The orc wizard is almost dead.
You feel very sick.
The orc wizard hits you but does no damage.
You are more poisoned.
The orc wizard barely misses you.
You shoot a sling bullet. The sling bullet hits the orc wizard.
You kill the orc wizard!
You die...

#.###############.# #. #.#
#.#####. #.# ########.##.... #.#
###.............. #.#
#...######.......
#.######.###########....
#..................'....
################).###########....
................@).....# #....
#.###......####..#####'## #####
#.# #......# #..#......# #.#
#......# #..#......# #.# #...)..#
#..#......# #.# #......#
#..#......# #.# #...^..#
#..#......# #.# #......#
#..%......# #.# #......#
##.#......#


There were no monsters in sight!

Vanquished Creatures
  An orc wizard (D:2)
  3 dart slugs
  2 orcs
  An endoplasm (D:1)
  A giant cockroach (D:2)
  4 goblins
  2 hobgoblins (D:2)
  3 ball pythons
  6 bats
  A frilled lizard (D:2)
  3 kobolds
  3 rats
30 creatures vanquished.

Notes
Turn   | Place    | Note
-------+----------+-------------------------------------------
     0 | D:1      | qw the Minotaur Hexslinger began the quest for the Orb.
     0 | D:1      | Reached XP level 1. HP: 16/16 MP: 1/1
     0 | D:1      | 0 ||| qw: Version: 0.3-a-52-g30416fa
     0 | D:1      | 0 ||| qw: Game counter: 5997
     0 | D:1      | 0 ||| qw: Melee chars always use a shield: true
     0 | D:1      | 0 ||| qw: God list: Okawaru
     0 | D:1      | 0 ||| qw: Allow faded altars: false
     0 | D:1      | 0 ||| qw: Do Orc after clearing Dungeon:15 true
     0 | D:1      | 0 ||| qw: Do second Lair branch before Depths: true
     0 | D:1      | 0 ||| qw: Lair rune preference: random
     0 | D:1      | 0 ||| qw: Goals: Normal
     0 | D:1      | 0 ||| PLANNING D:1-11
   120 | D:1      | Reached skill level 3 in Ranged Weapons
   121 | D:1      | Reached XP level 2. HP: 23/23 MP: 2/2
   610 | D:1      | 610 ||| UPGRADING to +0 cloak.
   615 | D:1      | 615 ||| UPGRADING to +0 ring mail.
   625 | D:1      | 625 ||| DROPPING +0 robe.
   626 | D:1      | 626 ||| READING 2 scrolls labelled PIDGHU TALA.
   627 | D:1      | 627 ||| DRINKING 2 sedimented coppery potions.
   628 | D:1      | 628 ||| DROPPING scroll of poison.
   629 | D:1      | 629 ||| DROPPING potion of magic.
   836 | D:2      | Found a faded altar of an unknown god.
   843 | D:2      | Reached XP level 3. HP: 24/29 MP: 3/3
  1224 | D:2      | 1224 ||| READING scroll labelled BEEKIO HAUVU.
  1225 | D:2      | 1225 ||| READING scroll labelled EKUNLU CUTACOUN.
  1228 | D:2      | 1228 ||| DRINKING 3 blue potions.
  1256 | D:3      | 1256 ||| STAIRDANCE
  1262 | D:2      | HP: 5/29 [poisoned by an orc wizard]
  1263 | D:2      | Succumbed to an orc wizard's poison

Levels and vault maps discovered:
D:1:      psy_arrival_spokes, layout_basic, serial_bayou, serial_bayou_pond_c,
          serial_bayou_ford_a, serial_bayou_pond_c, serial_bayou_pond_d
D:2:      layout_basic, dreamdust_ecumenical_altar_angels_and_demons,
          feat_on_display
D:3:      layout_rooms, beargit_hepliaklqana_dungeon_heroes,
          nicolae_overflow_hidden_temple

Skill      XL: |  1  2 |
---------------+-------+-----
Ranged Weapons | 3 |  3.8
Fighting       | 2 |  2.0
Dodging        | |  2.1
Spellcasting   | |  1.0
Hexes          | |  2.0

Action                     || total
---------------------------++-------
   Fire: Sling             ||    80
    Use: Scroll            ||     3
         Potion            ||     2
 Armour: Ring mail         ||    11
         Robe              ||     1
  Dodge: Dodged            ||    34

Table legend:
 A = Non-vault XP
 B = Vault XP
 C = Vault XP percentage of total XP
 D = Non-vault monster count
 E = Vault monster count
 F = Vault count percentage of total count
                 A         B        C        D         E       F
            +---------+---------+-------+---------+---------+-------
      Total |      89 |       0 |   0.0 |      30 |       0 |   0.0
            +---------+---------+-------+---------+---------+-------
        D:1 |      24 |       0 |   0.0 |      13 |       0 |   0.0
        D:2 |      61 |       0 |   0.0 |      15 |       0 |   0.0
        D:3 |       4 |       0 |   0.0 |       2 |       0 |   0.0
            +---------+---------+-------+---------+---------+-------
